 Dungeon Crawl Stone Soup version 0.19-a0-1203-g7dfd8ee (webtiles) character file.

2392 AlphabetPasta the Archer (level 9, -9/61 HPs)
             Began as a High Elf Hunter on Aug 20, 2016.
             Was a Follower of Okawaru.
             Mangled by an orc warrior
             ... wielding a cursed +0 dire flail
              (11 damage)
             ... on level 6 of the Dungeon.
             The game lasted 00:34:22 (5845 turns).

AlphabetPasta the Archer (High Elf Hunter)          Turns: 5845, Time: 00:34:22

Health: -9/61      AC:  9    Str: 14    XL:     9   Next: 22%
Magic:  0/14       EV: 16    Int: 17    God:    Okawaru [*.....]
Gold:   231        SH:  0    Dex: 15    Spells: 2 memorised, 10 levels left

rFire  . . .     SeeInvis +     a - +0 falchion
rCold  . . .     Gourm    .     q - +2 robe {rN+}
rNeg   + . .     Faith    .     (no shield)
rPois  .         Spirit   +     s - +2 helmet {SInv}
rElec  .         Dismiss  .     (no cloak)
rCorr  .         Reflect  .     (no gloves)
MR     .....     Harm     .     k - +1 pair of boots
Stlth  ++........               p - amulet of guardian spirit
                                (no ring)
                                (no ring)

@: sluggish, very slow
A: no striking features
a: Heroism, Renounce Religion


You were on level 6 of the Dungeon.
You worshipped Okawaru.
Okawaru was aware of your devotion.
You were not hungry.

You visited 1 branch of the dungeon, and saw 6 of its levels.

You collected 348 gold pieces.
You spent 117 gold pieces at shops.

Inventory:

Hand Weapons
 a - a +0 falchion (weapon)
 b - a +1 shortbow
 t - a +0 short sword
Missiles
 d - 72 arrows
Armour
 c - a +0 leather armour
 k - a +1 pair of boots (worn)
 q - a +2 robe of positive energy (worn)
 s - a +2 helmet of see invisible (worn)
Jewellery
 p - an amulet of guardian spirit (around neck)
Wands
 o - a wand of confusion (23/48)
 u - a wand of lightning (0/15)
 w - a wand of disintegration (0/24)
Scrolls
 e - 6 scrolls of teleportation
 l - a scroll of enchant armour
 m - 4 scrolls of identify
 y - 2 scrolls of remove curse
Potions
 r - a potion of flight
 v - a potion of brilliance
 x - 3 potions of curing
 z - a potion of lignification
Books
 h - a book of Air

   Spells                             Type                      Level
   a - Shock                          Conjuration/Air              1
   b - Swiftness                      Charms/Air                   2
   c - Repel Missiles                 Charms/Air                   2
   d - Static Discharge               Conjuration/Air              3
   e - Lightning Bolt                 Conjuration/Air              5
Comestibles
 f - 3 bread rations
 g - 3 slices of pizza
 i - 3 chunks of flesh
 j - 4 beef jerkies
 n - 4 meat rations


   Skills:
 + Level 5.4 Fighting
 + Level 5.0 Long Blades
 * Level 10.5 Bows
 + Level 5.9 Dodging
 - Level 1.1 Stealth
 - Level 3.1 Spellcasting
 + Level 2.6 Charms
 - Level 3.0 Air Magic
 + Level 2.1 Invocations
 - Level 1.7 Evocations


You had 10 spell levels left.
You knew the following spells:

 Your Spells              Type           Power        Failure   Level  Hunger
a - Repel Missiles        Chrm/Air       ##....       10%         2    ##.....
b - Swiftness             Chrm/Air       ##......     10%         2    ##.....


Dungeon Overview and Level Annotations

Branches:
Dungeon (6/15)
 Temple: D:4-7

Altars:
Cheibriados
Fedhas
Gozag
Nemelex Xobeh
Okawaru
Ru
Trog
Uskayaw
Xom
Yredelemnul

Shops:
D:5 ?


Message History

The orc warrior is almost dead.
You feel sluggish.
The orc warrior hits you with a dire flail!
* * * LOW HITPOINT WARNING * * *
You hit the orc warrior but do no damage.
The orc warrior is almost dead.
You feel like a meek peon again. The orc warrior closely misses you.
You hit the orc warrior but do no damage.
The orc warrior is almost dead.
The orc warrior hits you with a dire flail.
* * * LOW HITPOINT WARNING * * *
You hit the orc warrior but do no damage.
The orc warrior is almost dead.
The orc warrior misses you.
You riposte.
You barely miss the orc warrior.
The orc warrior is almost dead.
You hit the orc warrior but do no damage.
The orc warrior is almost dead.
The orc warrior hits you with a dire flail!
You die...

#.).......#
#....###### #
#)(.## ##
##...# .#
#....# .#
######....# ##
#.........# #
..........# #
.......@..#
.......o..#
......(...#
.....(....#
....(......#
.......(...#
...?...((..(
.......((....
.............o


You could see an orc warrior.

Vanquished Creatures
  Pikel (D:5)
  Sigmund (D:5)
  4 sky beasts
  2 ice beasts
  A phantom (D:5)
  2 ogres (D:6)
  A centaur (D:6)
  Blork the orc (D:5)
  2 giant frogs (D:6)
  A scorpion (D:6)
  2 howler monkeys
  2 giant frog zombies
  A hound (D:4)
  An orc priest (D:6)
  2 centaur skeletons (D:5)
  2 orc wizards
  A giant frog skeleton (D:6)
  2 iguanas
  A worker ant (D:4)
  A killer bee zombie (D:5)
  Robin (D:2)
  A howler monkey skeleton (D:4)
  5 adders
  A shadow imp (D:6)
  2 oozes
  2 adder skeletons (D:4)
  2 worms
  A dart slug (D:2)
  4 giant geckos (D:6)
  20 orcs
  4 bats
  4 giant cockroaches
  11 goblins
  15 hobgoblins
  6 jackals
  4 kobolds
  A quokka (D:3)
  A ball python (D:3)
  5 giant newts
  A jackal skeleton (D:4)
  A quokka skeleton (D:5)
  10 rats
133 creatures vanquished.

Vanquished Creatures (others)
  A slave (D:5)
  A giant frog zombie (D:5)
  An orc wizard (D:4)
  An orc (D:5)
4 creatures vanquished.

Grand Total: 137 creatures vanquished

Notes
Turn   | Place    | Note
-------+----------+-------------------------------------------
     0 | D:1      | AlphabetPasta the High Elf Hunter began the quest for the Orb.
     0 | D:1      | Reached XP level 1. HP: 14/14 MP: 2/2
   121 | D:1      | Reached XP level 2. HP: 20/20 MP: 3/3
   515 | D:2      | Reached skill level 6 in Bows
   586 | D:2      | Reached XP level 3. HP: 21/25 MP: 4/4
   727 | D:2      | Noticed Robin
   791 | D:2      | Killed Robin
  1004 | D:2      | Reached XP level 4. HP: 30/30 MP: 5/5
  1988 | D:3      | You fall through a shaft!
  2003 | D:4      | Reached XP level 5. HP: 36/36 MP: 6/6
  2096 | D:4      | Found a shimmering altar of Xom.
  2123 | D:4      | Reached skill level 7 in Bows
  2282 | D:4      | Reached skill level 1 in Long Blades
  2299 | D:4      | Reached skill level 1 in Evocations
  2733 | D:4      | Reached XP level 6. HP: 25/42 MP: 4/7
  3105 | D:5      | Entered Level 5 of the Dungeon
  3263 | D:5      | Learned a level 2 spell: Repel Missiles
  3280 | D:5      | Noticed a sky beast
  3288 | D:5      | Killed a sky beast
  3288 | D:5      | Reached skill level 8 in Bows
  3288 | D:5      | Reached skill level 1 in Air Magic
  3288 | D:5      | Reached XP level 7. HP: 47/47 MP: 9/9
  3337 | D:5      | Reached skill level 1 in Spellcasting
  3438 | D:5      | Noticed Sigmund
  3449 | D:5      | Killed Sigmund
  3487 | D:5      | Learned a level 2 spell: Swiftness
  3710 | D:5      | Found Gaonnoaj's Magic Scroll Shop.
  3719 | D:5      | Bought a scroll of identify for 26 gold pieces
  3719 | D:5      | Bought a scroll of identify for 26 gold pieces
  3719 | D:5      | Bought a scroll of remove curse for 39 gold pieces
  3719 | D:5      | Bought a scroll of identify for 26 gold pieces
  3721 | D:5      | Noticed Blork the orc
  3732 | D:5      | Killed Blork the orc
  3732 | D:5      | Reached skill level 1 in Charms
  3732 | D:5      | Reached XP level 8. HP: 54/54 MP: 12/12
  3754 | D:5      | Reached skill level 9 in Bows
  3791 | D:5      | Noticed Pikel
  3846 | D:5      | Killed Pikel
  3846 | D:5      | Reached skill level 5 in Dodging
  4130 | D:5      | Found a hide-covered altar of Uskayaw.
  4132 | D:5      | Found a bloodstained altar of Trog.
  4135 | D:5      | Found a basalt altar of Yredelemnul.
  4136 | D:5      | Found a blossoming altar of Fedhas.
  4136 | D:5      | Found an iron altar of Okawaru.
  4136 | D:5      | Found a sacrificial altar of Ru.
  4139 | D:5      | Found an opulent altar of Gozag.
  4140 | D:5      | Found a sparkling altar of Nemelex Xobeh.
  4141 | D:5      | Found a snail-covered altar of Cheibriados.
  4144 | D:5      | Became a worshipper of Warmaster Okawaru
  4754 | D:5      | Upgraded the game from 0.19-a0-1201-gda63bca to 0.19-a0-1203-g7dfd8ee
  4759 | D:6      | Reached skill level 5 in Fighting
  4776 | D:6      | Reached skill level 1 in Invocations
  4801 | D:6      | Reached skill level 10 in Bows
  4973 | D:6      | Found a snail-covered altar of Cheibriados.
  5009 | D:6      | Reached * piety under Okawaru
  5009 | D:6      | Reached XP level 9. HP: 36/61 MP: 10/14
  5785 | D:6      | Reached skill level 5 in Long Blades
  5843 | D:6      | HP: 2/61 [orc warrior/dire flail (3)]
  5845 | D:6      | Mangled by an orc warrior

Vault maps used:
D:1:      eino_arrival_water_cross, hex_tiny, minmay_tree_intersection
D:2:      uniq_robin
D:4:      lemuel_doored_altar
D:5:      minitemple, first_bread, serial_shops, shop_scrolls, sigmund_army,
          uniq_pikel, uniq_blork_the_orc
D:6:      cheibriados_altar_1

Skill      XL: |  1  2  3  4  5  6  7  8  9 |
---------------+----------------------------+-----
Bows           | 6 7 8 10 | 10.5
Dodging        | 3 4 5 |  5.9
Fighting       | 3 4 5 |  5.4
Long Blades    | 1 2 3 4 5 |  5.0
Evocations     | 1 |  1.7
Air Magic      | 1 2 3 |  3.0
Spellcasting   | 2 3 |  3.1
Charms         | 1 2 |  2.6
Invocations    | 1 2 |  2.1
Stealth        | |  1.1

Action                   |  1- 3 |  4- 6 |  7- 9 || total
-------------------------+-------+-------+-------++-------
Melee: Short sword       |    42 |    54 |       ||    96
       Falchion          |       |   119 |   182 ||   301
 Fire: Shortbow          |    64 |   125 |   125 ||   314
 Cast: Repel Missiles    |       |       |     1 ||     1
       Swiftness         |       |       |     4 ||     4
Invok: Heroism           |       |       |     1 ||     1
Evoke: Wand              |       |       |    20 ||    20
  Use: Scroll            |       |    13 |     5 ||    18
       Potion            |       |     3 |     1 ||     4
 Stab: Sleeping          |       |     4 |     1 ||     5
       Confused          |       |       |     3 ||     3
  Eat: Chunk             |       |     7 |     3 ||    10
       Beef jerky        |       |     1 |       ||     1
       Meat ration       |       |       |     1 ||     1
Armor: Leather armour    |    16 |    57 |     4 ||    77
       Robe              |       |       |    48 ||    48
Dodge: Dodged            |    47 |   145 |   122 ||   314
       Deflected         |       |       |     1 ||     1
